 Dungeon Crawl Stone Soup version 0.32-a0-913-g739538afd8 (webtiles) character file.

Game seed: 8456679851296402409

3222 Zonian the Fighter (level 9, -4/70 HPs)
             Began as a Gargoyle Wanderer on Apr 8, 2024.
             Was a Follower of Ashenzari.
             Slain by a kobold brigand
             ... wielding a +1 short sword of distortion
              (19 damage)
             ... on level 6 of the Dungeon.
             The game lasted 00:18:26 (6278 turns).

Zonian the Fighter (Gargoyle Wanderer)              Turns: 6278, Time: 00:18:27

Health: -4/70      AC: 16    Str: 19    XL:     9   Next: 98%
Magic:  14/14      EV: 10    Int: 11    God:    Ashenzari [*.....]
Gold:   423        SH:  0    Dex: 12    Spells: 13/14 levels left

rFire   + . .        a - +0 quarterstaff (heavy) {staff}
rCold   . . .        (shield currently unavailable)
rNeg    + . .        q - +2 ring mail of Apeoromancy {rF+, Dev, Range} (curse) rPois โˆž
                     d - +1 helmet "Prophetic Mistrust" {Melee, Bglg} (curse)
rElec   +            (no cloak)
rCorr   .            (no gloves)
SInv    .            (no boots)
Will    .....        (no amulet)
Stlth   +            (no ring)
HPRegen 0.31/turn    (no ring)
MPRegen 0.14/turn

%: no passive effects
@: no status effects
A: sickness immunity, AC +6, negative energy resistance 1, electricity
resistance, torment resistance 1, petrification resistance
a: Renounce Religion, Shatter the Chains


You were on level 6 of the Dungeon.
You worshipped Ashenzari.
Ashenzari was aware of your devotion.
You visited 1 branch of the dungeon, and saw 6 of its levels.
You also visited: Sewer.

You collected 423 gold pieces.


Innate Abilities, Weirdness & Mutations

You are immune to sickness and miasma.
Your stone body is resilient. (AC +6)
You are immune to poison.
You resist negative energy. (rN+)
You are resistant to electric shocks. (rElec)
You are resistant to unholy torment.
You are immune to petrification.


   Skills:
 + Level 14.7 Fighting
 + Level 4.8(5.6) Staves
 - Level 3.7 Armour
 - Level 1.7 Dodging
 - Level 3.4 Spellcasting
 + Level 5.1 Ice Magic
 - Level 2.5(3.2) Evocations


You had 13 spell levels left.
You knew the following spells:

 Your Spells              Type           Power      Damage    Failure   Level
a - Freeze                Ice            52%        1d6       4%          1

Your spell library contained the following spells:

 Spells                   Type           Power      Damage    Failure   Level
 Ozocubu's Armour         Ice            13%        N/A       16%         3
 Ensorcelled Hibernation  Hex/Ice        14%        N/A       22%         2
 Apportation              Tloc           4%         N/A       38%         1
 Magic Dart               Conj           4%         1d3       38%         1
 Necrotise                Necr           4%         1d4       38%         1
 Slow                     Hex            8%         N/A       38%         1
 Sting                    Conj/Alch      4%         1d3       38%         1
 Summon Small Mammal      Summ           4%         N/A       38%         1
 Blink                    Tloc           4%         N/A       52%         2
 Lesser Beckoning         Tloc           4%         N/A       52%         2
 Call Imp                 Summ           2%         N/A       54%         2
 Mercury Vapours          Alch/Air       2%         N/A       54%         2
 Momentum Strike          Conj/Tloc      2%         3d8       54%         2
 Scorch                   Fire           2%         2d5       54%         2
 Confusing Touch          Hex            2%         N/A       77%         3
 Inner Flame              Hex/Fire       1%         N/A       77%         3
 Tukima's Dance           Hex            2%         N/A       77%         3
 Vampiric Draining        Necr           1%         2d6       77%         3
 Flame Wave               Conj/Fire      1%         2d4       99%         4
 Olgreb's Toxic Radiance  Alch           1%         N/A       99%         4
 Passage of Golubria      Tloc           2%         N/A       99%         4
 Sticky Flame             Fire/Alch      1%         2d4       99%         4
 Yara's Violent Unravell  Hex/Alch       0%         3d3       100%        5
 Summon Cactus Giant      Summ           0%         N/A       100%        6

Inventory:

Hand Weapons
 a - a +0 heavy quarterstaff (weapon) {staff}
 k - a +2 heavy hand axe {axe}
   (You found it on level 5 of the Dungeon)
 l - a +3 hand axe {axe}
   (You took it off an orc priest on level 5 of the Dungeon)
Missiles
 t - 4 poisoned darts {throwing}
Armour
 b - a +0 ring mail
 d - the cursed +1 helmet "Prophetic Mistrust" (worn) {Melee, Bglg}
   (You found it on level 4 of the Dungeon)

   It has a curse which improves the following skills: Melee Combat: Short
   Blades, Long Blades, Axes, Maces & Flails, Polearms, Staves and Unarmed
   Combat.
   Beguiling: Hexes and Translocations.
 p - a +0 ring mail of fire resistance
   (You found it on level 3 of the Dungeon)
 q - the cursed +2 ring mail of Apeoromancy (worn) {rF+, Dev, Range}
   (You took it off an orc on level 3 of the Dungeon)

   It has a curse which improves the following skills: Devices: Evocations and
   Shapeshifting.
   Ranged Combat: Ranged Weapons and Throwing.
Jewellery
 h - a ring of see invisible
   (You found it on level 6 of the Dungeon)
 m - a ring of ice
   (You found it on level 5 of the Dungeon)
Wands
 y - a wand of flame (25)
   (You found it on level 6 of the Dungeon)
Scrolls
 e - a scroll of poison
 g - a scroll of revelation
 r - a scroll of fear
 s - a scroll of butterflies
 w - a scroll of teleportation {@r4}
 x - a scroll of identify {@r1}
 z - 2 scrolls of vulnerability {!r!r}
Potions
 c - 3 potions of lignification {!q}
 f - a potion of magic
 i - a potion of attraction {!q}
 j - 3 potions of curing {@q1}
 n - 2 potions of haste {@q3}
 o - a potion of degeneration {!q@e2}
 u - a potion of resistance
 v - a potion of invisibility
 A - a potion of brilliance
 B - a potion of might

Dungeon Overview and Level Annotations

Branches:
Dungeon (6/15) Zot: 26011   Sewer (visited)
 Temple: D:4-7

Altars:
Ashenzari
Fedhas
Makhleb
Nemelex Xobeh

Shops:
D:2 =

Annotations:
D:6 Jeremiah

#........########.. ##......##~โŒ
~##.... #......#.....##...
#......'.###.(#...
#......'......#...
##.....'.###.(#...
#.....#.....##...
########.....##WโŒ ~##....
#......@K.....#####.....
######.#########..###........
#......#...# ##รท###........
#....####..# #..##'#####..
#####....# #..# #...)))..#...
.......[.####..######........'...
######...#..........#........#...
######...#.##.#.###.#......>.#...
#..<.'.).'.##..)# #.#........#...


You could see a kobold brigand.


Message History

ManDude's ghost hits you but does no damage. x2
Unknown command.
You hit ManDude's ghost but do no damage.
ManDude's ghost hits you but does no damage. ๐Ÿ˜• HP[+1] Unknown command.
You sock ManDude's ghost! ManDude's ghost barely misses you.
ManDude's ghost hits you but does no damage.
Unknown command.
You bludgeon ManDude's ghost!!
You destroy ManDude's ghost!
The kobold brigand throws a poisoned dart.
The poisoned dart hits you!
Your Ice Magic skill increases to level 5! ๐Ÿ˜• HP[+1] Unknown command.
You hit the kobold brigand.
The kobold brigand hits you but does no damage. x2
Unknown command.
You hit the kobold brigand.
The kobold brigand hits you with a +2 whip of electrocution! ๐Ÿ˜ฎ HP[-8]
You take 8 damage, and now have 47/70 hp.
Unknown command.
You hit the kobold brigand but do no damage.
The kobold brigand hits you but does no damage. x2 ๐Ÿ˜ฎ HP[+1]
You sock the kobold brigand! The kobold brigand misses you.
Unknown command.
You hit the kobold brigand.
The kobold brigand hits you but does no damage. x2 ๐Ÿ˜ฎ HP[+1]
You bludgeon the kobold brigand!!
You kill the kobold brigand!
The kobold brigand throws a poisoned dart.
The poisoned dart hits you!
The kobold brigand hits you with a +0 dagger. ๐Ÿ˜ฎ HP[-3]
You take 3 damage, and now have 46/70 hp.
Unknown command.
You hit the kobold brigand.
The kobold brigand hits you but does no damage.
You sock the kobold brigand!
The kobold brigand hits you but does no damage.
The kobold brigand misses you. ๐Ÿ˜ฎ HP[+1] Unknown command.
You hit the kobold brigand but do no damage.
The kobold brigand hits you but does no damage. ๐Ÿ˜ฎ HP[+1]
You bludgeon the kobold brigand!!
You kill the kobold brigand!
The kobold brigand zaps a wand.
Your mind is blasted!
* * * LOW HITPOINT WARNING * * *
๐Ÿ˜จ HP[-13]
You take 13 damage, and now have 35/70 hp.
Unknown command.
You sock the kobold brigand!
The kobold brigand hits you but does no damage. ๐Ÿ˜ฎ HP[+1]
You completely miss the kobold brigand.
The kobold brigand zaps a wand.
Your mind is blasted!
* * * LOW HITPOINT WARNING * * *
The kobold brigand barely misses you. ๐Ÿ˜จ HP[-10]
You take 10 damage, and now have 26/70 hp.
You bludgeon the kobold brigand!!
You kill the kobold brigand!
The kobold brigand throws a poisoned dart.
The poisoned dart closely misses you. ๐Ÿ˜จ HP[+1]
The kobold brigand barely misses you.
Items here: (( ))))) // โ€ โ€ .
Unknown command.
You hit the kobold brigand.
The kobold brigand hits you with a +1 short sword of distortion.
* * * LOW HITPOINT WARNING * * *
Space warps horribly around you!!
* * * LOW HITPOINT WARNING * * *
The kobold brigand closely misses you. ๐Ÿ˜ฑ HP[-23]
You take 23 damage, and now have 4/70 hp.
MASSIVE DAMAGE!! (PAUSE)
You feel better.
The kobold brigand closely misses you. ๐Ÿ˜ฑ HP[+11]
You regained 11 hp, and now have 15/70 hp.
You hit the kobold brigand but do no damage.
The kobold brigand closely misses you.
You hit the kobold brigand. The kobold brigand barely misses you.
The kobold brigand hits you with a +1 short sword of distortion.
* * * LOW HITPOINT WARNING * * *
Okay, then.
You remove your ring of see invisible.
Unknown command.
You hit the kobold brigand.
The kobold brigand hits you but does no damage.
Space warps horribly around you!!
You die...

Skill      XL: |  1  2  3  4  5  6  7  8  9 |
---------------+----------------------------+-----
Evocations     | 2 |  2.5
Fighting       | 3 14 | 14.7
Armour         | 2 3 |  3.7
Staves         | 2 3 4 |  4.8
Spellcasting   | 2 3 |  3.4
Ice Magic      | 3 4 5 |  5.1
Dodging        | |  1.7

Action                     |  1- 3 |  4- 6 |  7- 9 || total
---------------------------+-------+-------+-------++-------
  Melee: Quarterstaff      |    93 |   178 |   178 ||   449
         Hand axe          |       |    15 |    12 ||    27
  Throw: Dart              |       |       |     3 ||     3
   Cast: Freeze            |     9 |    13 |     2 ||    24
 Invoke: Curse Item        |       |     1 |     1 ||     2
    Use: Scroll            |       |    10 |     7 ||    17
         Potion            |       |       |     2 ||     2
 Armour: Ring mail         |    89 |   217 |   213 ||   519
  Dodge: Dodged            |    59 |   146 |   163 ||   368

Levels and vault maps discovered:
D:1:      roderic_octagonal_star, layout_basic,
          ebering_ecumenical_altar_abandoned
D:2:      layout_loops_corners, serial_shops, shop, nrook_mini_backslash,
          st_stairs_9
D:3:      layout_rooms, lemuel_crystal_altar,
          mainiacjoe_overflow_small_starburst, mainiacjoe_overflow_alcove_1,
          uniq_terence
D:4:      layout_cave_pools
D:5:      layout_rooms, lemuel_coloured_pillars_altar,
          cheibrodos_sewer_entry_bend
D:6:      layout_basic, gammafunk_ghost_nasty_kobolds, uniq_menkaure,
          uniq_jeremiah

Notes
Turn   | Place    | Note
-------+----------+-------------------------------------------
     0 | D:1      | Zonian the Gargoyle Wanderer began the quest for the Orb.
     0 | D:1      | Zonian set off with the following items: a +0 quarterstaff
                  | {staff}, a +0 ring mail, a potion of lignification {!q};
                  | and the following spell memorised: Freeze; and the
                  | following spells available to memorise: Ensorcelled
                  | Hibernation, Ozocubu's Armour.
     0 | D:1      | Reached XP level 1. HP: 12/12 MP: 2/2
     0 | D:1      | magus.rc [v1.9.6]
     6 | D:1      | You add the spells Tukima's Dance, Passage of Golubria and
                  | Yara's Violent Unravelling to your library.
   264 | D:1      | You pick up a book of Cantrips and begin reading...
   264 | D:1      | You add the spells Sting, Necrotise, Summon Small Mammal
                  | and Apportation to your library.
   285 | D:1      | HP: 3/12 [frozen (2)]
   289 | D:1      | Reached XP level 2. HP: 6/18 MP: 0/3
   466 | D:1      | Found a faded altar of an unknown god.
   490 | D:1      | Reached skill level 2 in Evocations
  1058 | D:2      | Reached XP level 3. HP: 12/22 MP: 0/4
  1400 | D:2      | Found Zacafow's Jewellery Shoppe.
  2001 | D:3      | Found a broken altar of Ashenzari.
  2014 | D:3      | You pick up a book of Spatial Translocations and begin
                  | reading...
  2014 | D:3      | You add the spells Blink, Momentum Strike and Lesser
                  | Beckoning to your library.
  2016 | D:3      | Became a worshipper of Ashenzari the Shackled
  2030 | D:3      | Noticed Terence
  2031 | D:3      | Reached XP level 4. HP: 24/27 MP: 6/6
  2124 | D:3      | You pick up a book of Debilitation and begin reading...
  2124 | D:3      | You add the spells Slow, Vampiric Draining and Confusing
                  | Touch to your library.
  2256 | D:3      | Found a blossoming altar of Fedhas.
  2353 | D:3      | Found a burning altar of Makhleb.
  2743 | D:3      | Killed Terence
  2744 | D:3      | Reached skill level 3 in Fighting
  2744 | D:3      | Reached skill level 2 in Armour
  2928 | D:4      | Reached XP level 5. HP: 27/32 MP: 7/7
  2940 | D:4      | Noticed an ogre
  2940 | D:4      | HP: 6/32 [orc/+0 trident (3)]
  2941 | D:4      | Reached skill level 2 in Staves
  3249 | D:3      | Reached skill level 2 in Spellcasting
  3405 | D:4      | You add the spells Mercury Vapours and Olgreb's Toxic
                  | Radiance to your library.
  3555 | D:4      | Reached XP level 6. HP: 33/37 MP: 9/9
  3590 | D:4      | Reached skill level 3 in Ice Magic
  3843 | D:4      | Reached skill level 3 in Armour
  4117 | D:5      | Entered Level 5 of the Dungeon
  4187 | D:5      | Reached XP level 7. HP: 17/42 MP: 10/10
  4189 | D:5      | Reached skill level 4 in Fighting
  4201 | D:5      | Identified a potion of experience
  4214 | D:5      | Reached skill level 3 in Staves
  4215 | D:5      | Reached skill level 14 in Fighting
  4215 | D:5      | Reached XP level 8. HP: 25/64 MP: 10/12
  4455 | D:5      | Found a glowing drain.
  4477 | Sewer    | Entered a sewer
  4993 | D:5      | Reached skill level 3 in Spellcasting
  4998 | D:5      | Reached * piety under Ashenzari
  5270 | D:5      | You pick up a book of Scorching and begin reading...
  5270 | D:5      | You add the spells Scorch, Flame Wave and Summon Cactus
                  | Giant to your library.
  5272 | D:5      | Found a sparkling altar of Nemelex Xobeh.
  5478 | D:6      | You pick up a book of Flames and begin reading...
  5478 | D:6      | You add the spells Inner Flame and Sticky Flame to your
                  | library.
  5500 | D:6      | Noticed Menkaure
  5507 | D:6      | Killed Menkaure
  5508 | D:6      | Reached skill level 4 in Ice Magic
  5508 | D:6      | Reached XP level 9. HP: 50/70 MP: 13/13
  5575 | D:6      | You pick up a book of Debilitation and begin reading...
  5633 | D:6      | Noticed Jeremiah
  5733 | D:6      | Found a runed translucent gate.
  5734 | D:6      | Found a runed translucent gate.
  5735 | D:6      | Found a runed translucent gate.
  5745 | D:6      | Noticed ManDude's ghost (novice DsIE)
  5828 | D:6      | You pick up a book of Minor Magic and begin reading...
  5828 | D:6      | You add the spells Magic Dart and Call Imp to your library.
  5913 | D:6      | Noticed a two-headed ogre
  5920 | D:6      | Killed a two-headed ogre
  5921 | D:6      | Reached skill level 4 in Staves
  6258 | D:6      | Killed ManDude's ghost
  6259 | D:6      | Reached skill level 5 in Ice Magic
  6273 | D:6      | HP: 4/70 [kobold brigand/+1 short sword of distortion (22)]
  6278 | D:6      | Slain by a kobold brigand

Vanquished Creatures
  A two-headed ogre (D:6)
  The ghost of ManDude the Chiller, a novice DsIE of Qazlal (D:6)
  Menkaure (D:6)
  4 ogres
  2 centaurs (D:5)
  6 kobold brigands (D:6)
  2 scorpions
  A jelly (D:6)
  4 bombardier beetles
  5 hounds
  2 orc priests
  Terence (D:3)
  3 iguanas
  A hell rat (Sewer)
  8 adders
  3 river rats (Sewer)
  A shadow imp (D:5)
  2 ufetubi (D:5)
  3 dart slugs
  4 ribbon worms
  12 orcs
  6 ball pythons
  6 bats
  10 endoplasms
  3 giant cockroaches
  2 goblins (D:3)
  2 hobgoblins
  2 jackals (D:1)
  8 kobolds
  6 quokkas
  A frilled lizard (D:2)
  10 rats
123 creatures vanquished.

Table legend:
 A = Non-vault XP
 B = Vault XP
 C = Vault XP percentage of total XP
 D = Non-vault monster count
 E = Vault monster count
 F = Vault count percentage of total count
                 A         B        C        D         E       F
            +---------+---------+-------+---------+---------+-------
      Total |    2715 |    1183 |  30.3 |     101 |      22 |  17.9
            +---------+---------+-------+---------+---------+-------
        D:1 |      32 |       0 |   0.0 |      17 |       0 |   0.0
        D:2 |      27 |       4 |  12.9 |      13 |       2 |  13.3
        D:3 |      51 |      36 |  41.4 |      14 |       1 |   6.7
        D:4 |     403 |       0 |   0.0 |      20 |       0 |   0.0
        D:5 |     760 |       8 |   1.0 |      17 |       2 |  10.5
        D:6 |    1442 |    1056 |  42.3 |      20 |       7 |  25.9
      Sewer |       0 |      79 | 100.0 |       0 |      10 | 100.0
            +---------+---------+-------+---------+---------+-------

Skill      XL: |  1  2  3  4  5  6  7  8  9 |
---------------+----------------------------+-----
Evocations     | 2 |  2.5
Fighting       | 3 14 | 14.7
Armour         | 2 3 |  3.7
Staves         | 2 3 4 |  4.8
Spellcasting   | 2 3 |  3.4
Ice Magic      | 3 4 5 |  5.1
Dodging        | |  1.7

Action                     |  1- 3 |  4- 6 |  7- 9 || total
---------------------------+-------+-------+-------++-------
  Melee: Quarterstaff      |    93 |   178 |   178 ||   449
         Hand axe          |       |    15 |    12 ||    27
  Throw: Dart              |       |       |     3 ||     3
   Cast: Freeze            |     9 |    13 |     2 ||    24
 Invoke: Curse Item        |       |     1 |     1 ||     2
    Use: Scroll            |       |    10 |     7 ||    17
         Potion            |       |       |     2 ||     2
 Armour: Ring mail         |    89 |   217 |   213 ||   519
  Dodge: Dodged            |    59 |   146 |   163 ||   368

Illustrated notes

Table legend:
 A = Kills in this place as a percentage of kills in the entire game.
 B = Kills by you in this place as a percentage of kills by you in the entire game.
 C = Kills by friends in this place as a percentage of kills by friends in the entire game.
 D = Other kills in this place as a percentage of other kills in the entire game.
 E = Experience gained in this place as a percentage of experience gained in the entire game.
 F = Experience gained in this place divided by the number of levels of this place that you have seen.
                   A       B       C       D       E      F
               +-------+-------+-------+-------+-------+----------------------
         Total | 100.0 | 100.0 |   N/A |   N/A | 100.0 | 556.9
       Dungeon |  91.9 |  91.9 |   N/A |   N/A |  98.0 | 636.5
         Sewer |   8.1 |   8.1 |   N/A |   N/A |   2.0 |  79.0
               +-------+-------+-------+-------+-------+----------------------

Table legend: (Time is in decaauts)
 A = Elapsed time spent in this place.
 B = Non-inter-level travel time spent in this place.
 C = Inter-level travel time spent in this place.
 D = Time resting spent in this place.
 E = Time spent auto-exploring this place.
 F = Levels seen in this place.
 G = Mean time per level.
                   A        B        C        D        E       F      G
               +--------+--------+--------+--------+--------+-----+--------+
         Total |   6449 |   6279 |    170 |   1281 |   3468 |   7 |  921.3 |
       Dungeon |   6158 |   5988 |    170 |   1118 |   3445 |   6 | 1026.3 |
         Sewer |    291 |    291 |      0 |    163 |     22 |   1 |  291.0 |
               +--------+--------+--------+--------+--------+-----+--------+

Top non-repeatable levels by time:
     D:3: 1097 daAuts
     D:4: 1057 daAuts
     D:2: 1013 daAuts
     D:1: 1005 daAuts
     D:5: 996 daAuts
     D:6: 987 daAuts
   Sewer: 291 daAuts
